 Dungeon Crawl Stone Soup version 0.31-a0-801-gc67433417a (webtiles) character file.

Game seed: 13305921863609322965

2336 Ivernyr the Slasher (level 9, -7/47 HPs)
             Began as a Vine Stalker Gladiator on Sept 20, 2023.
             Mangled by a two-headed ogre
             ... wielding a +0 giant club
              (14 damage)
             ... on level 8 of the Dungeon.
             The game lasted 00:10:48 (5234 turns).

Ivernyr the Slasher (Vine Stalker Gladiator)        Turns: 5234, Time: 00:10:48

Health: -7/47      AC: 16    Str: 18    XL:     9   Next: 42%
Magic:  0/10       EV: 12    Int:  8    God:
Gold:   475        SH:  0    Dex: 19    Spells: 8/8 levels left

rFire   + . .        a - +0 long sword
rCold   . . .        (no shield)
rNeg    . . .        b - +3 scale mail
rPois   .            c - +0 helmet
rElec   .            x - +0 cloak
rCorr   .            (no gloves)
SInv    .            (no boots)
Will    +....        (no amulet) Stlth
                     p - +4 ring of protection
HPRegen 1.07/turn    s - ring of protection from fire
MPRegen 0.12/turn

%: guardian spirit
@: no status effects
A: fangs 3, regeneration 1, magic shield, antimagic bite, no potion heal 2
a: no special abilities


You were on level 8 of the Dungeon.
You visited 2 branches of the dungeon, and saw 9 of its levels.
You also visited: Sewer.

You collected 475 gold pieces.

Inventory:

Hand Weapons
 a - a +0 long sword (weapon)
Missiles
 d - 3 throwing nets (quivered)
 e - a javelin
 k - 4 silver javelins
Armour
 b - a +3 scale mail (worn)
 c - a +0 helmet (worn)
 x - a +0 cloak (worn)
Jewellery
 p - a +4 ring of protection (left hand)
 s - a ring of protection from fire (right hand)
Wands
 o - a wand of flame (14)
 y - a wand of light (3)
 z - a wand of paralysis (6)
Scrolls
 f - 3 scrolls of vulnerability {unknown}
 g - 7 scrolls of identify {unknown}
 h - a scroll of noise {unknown}
 l - 2 scrolls of torment {unknown}
 m - 3 scrolls of brand weapon {unknown}
 n - a scroll of fear {unknown}
 r - 2 scrolls of enchant armour {unknown}
 t - a scroll of poison {unknown}
 v - a scroll of amnesia {unknown}
 w - a scroll of blinking {unknown}
 A - a scroll of teleportation {unknown}
Potions
 i - 4 potions of heal wounds {unknown}
 j - 3 potions of lignification {unknown}
 q - 6 potions of curing {unknown}
 u - 2 potions of cancellation {unknown}


   Skills:
 + Level 5.3 Fighting
 * Level 7.6 Long Blades
 - Level 1.7 Throwing
 + Level 4.3 Armour
 + Level 5.2 Dodging


You had 8 spell levels left.
You didn't know any spells.
Your spell library contained the following spells:

 Spells                   Type           Power      Damage    Failure   Level
 Sting                    Tmut/Pois      0%         1d3       78%         1
 Poisonous Vapours        Pois/Air       0%         N/A       89%         2
 Wereblood                Tmut           0%         N/A       89%         2
 Stone Arrow              Conj/Erth      0%         3d7       98%         3
 Animate Armour           Summ/Erth      0%         N/A       100%        4
 Olgreb's Toxic Radiance  Pois           0%         N/A       100%        4
 Irradiate                Conj/Tmut      0%         3d11      100%        5
 Lehudib's Crystal Spear  Conj/Erth      0%         10d2      100%        8


Dungeon Overview and Level Annotations

Branches:
Dungeon (8/15)             Temple (1/1) D:5           Sewer (visited)
   Lair: D:8-11

Altars:
Ashenzari
Cheibriados
Dithmenos
Elyvilon
Makhleb
Qazlal
Trog
Vehumet
Yredelemnul


Innate Abilities, Weirdness & Mutations

You have razor-sharp teeth.
Your natural rate of healing is unusually fast.
When hurt, damage is shared between your health and your magic reserves.
Your bite disrupts and absorbs the magic of your enemies.
Potions cannot restore your health.


Message History

You kill the wolf!
Things that are here:
a -2 spear; a +0 animal skin; a wolf corpse Magic restored.
HP restored.
A two-headed ogre comes into view.
It is wielding a +0 giant club and a +0 dire flail.
The two-headed ogre shouts in stereo!
You hear a shout! x2
The two-headed ogre moves out of view.
You hear a shout!
You hear a croak.
You slash the two-headed ogre! You bite the two-headed ogre!
You drain its power.
The two-headed ogre is moderately wounded.
The two-headed ogre barely misses you.
The two-headed ogre hits you with a +0 dire flail!
You barely miss the two-headed ogre.
The two-headed ogre is moderately wounded.
The two-headed ogre hits you with a +0 giant club!!
The two-headed ogre closely misses you.
You slash the two-headed ogre! You bite the two-headed ogre.
You drain its power.
You feel invigorated.
The two-headed ogre is heavily wounded.
You slash the two-headed ogre!
The two-headed ogre is heavily wounded.
The two-headed ogre hits you with a +0 giant club!
The two-headed ogre misses you.
You hit the two-headed ogre. You bite the two-headed ogre! You drain its power.
You feel invigorated.
The two-headed ogre is severely wounded.
The two-headed ogre hits you with a +0 giant club!!
* * * LOW HITPOINT WARNING * * *
The two-headed ogre hits you with a +0 dire flail!
* * * LOW HITPOINT WARNING * * *
A sky beast comes into view.
The sky beast flickers out of sight!
Deactivating autopickup; reactivate with Ctrl-A.
The two-headed ogre attacks as it pursues you!
The two-headed ogre hits you but does no damage.
The two-headed ogre hits you with a +0 dire flail!
You die...

... ..# #.# #..# ..#
#.# #..### ####.# #.#
#..... ..##.# #.#
##..###
###.##.###.#####
....... ...##.# ......
##..#######.##.###.#.#
................@O...#
.....######.##.#.#.###
###..######.##.#.#.#
#............#.#.#
#..######.####.#.#
###..# #....# #...{
)....# #....# #.#.#
###..###....#.##.#..
...............#.#.#


You could see a two-headed ogre.

Vanquished Creatures
  Grum (D:8)
  2 sky beasts (D:7)
  Pargi (Sewer)
  An ice beast (D:6)
  A black bear (D:5)
  2 ogres
  3 wolves (D:8)
  A centaur (D:7)
  A phantom (D:4)
  2 kobold brigands
  2 bullfrogs
  2 scorpions
  A hound (D:6)
  A gnoll bouda (D:6)
  2 orc priests
  A jelly (D:7)
  2 sleepcaps (D:6)
  Ijyb (D:3)
  4 iguanas
  2 orc wizards
  Robin (D:3)
  9 gnolls
  17 adders
  A shadow imp (D:6)
  3 white imps
  An ufetubus (D:5)
  A worm (D:4)
  A dart slug (D:1)
  22 orcs
  3 ball pythons
  9 bats
  7 endoplasms
  5 giant cockroaches
  16 goblins
  10 hobgoblins
  2 jackals (D:1)
  A quokka (D:3)
  3 frilled lizards
  16 kobolds
  6 rats
167 creatures vanquished.

Notes
Turn   | Place    | Note
-------+----------+-------------------------------------------
     0 | D:1      | Ivernyr the Vine Stalker Gladiator began the quest for the
                  | Orb.
     0 | D:1      | Reached XP level 1. HP: 11/11 MP: 2/2
    95 | D:1      | Reached XP level 2. HP: 15/15 MP: 3/3
   169 | D:1      | Reached skill level 3 in Long Blades
   325 | D:1      | Reached XP level 3. HP: 18/18 MP: 2/4
   951 | D:2      | Reached skill level 1 in Armour
   961 | D:2      | Reached XP level 4. HP: 23/23 MP: 5/5
  1006 | D:2      | You fall into a shaft and drop 1 floor!
  1088 | D:3      | Noticed Robin
  1109 | D:3      | HP: 1/23 [goblin/+0 club[Robin] (4)]
  1155 | D:3      | Killed Robin
  1162 | D:3      | Reached XP level 5. HP: 27/27 MP: 3/6
  1209 | D:3      | Found a glowing drain.
  1218 | Sewer    | Entered a sewer
  1284 | Sewer    | Noticed Pargi
  1293 | Sewer    | Killed Pargi
  1294 | Sewer    | Reached skill level 4 in Long Blades
  1294 | Sewer    | Reached XP level 6. HP: 19/32 MP: 4/7
  1523 | D:3      | Found the +8 trident of the Octopus King {venom, rElec
                  | rPois}
  1566 | D:3      | Noticed Ijyb
  1585 | D:3      | Killed Ijyb
  2172 | D:4      | Reached XP level 7. HP: 35/36 MP: 8/8
  2238 | D:4      | Identified the +0 dagger "Yqoekky" {holy, rPois Dex+2}
  2294 | D:4      | Reached skill level 5 in Long Blades
  2487 | D:5      | Entered Level 5 of the Dungeon
  2781 | D:5      | Found a staircase to the Ecumenical Temple.
  2788 | Temple   | Entered the Ecumenical Temple
  3314 | D:6      | Gained mutation: You have razor-sharp teeth. [Vine Stalker
                  | growth]
  3314 | D:6      | Reached XP level 8. HP: 38/42 MP: 6/9
  3478 | D:6      | Reached skill level 6 in Long Blades
  3827 | D:6      | Found a basalt altar of Yredelemnul.
  4276 | D:7      | Reached skill level 7 in Long Blades
  4276 | D:7      | Reached XP level 9. HP: 31/46 MP: 4/10
  4656 | D:7      | Reached skill level 5 in Fighting
  4901 | D:7      | Reached skill level 5 in Dodging
  5143 | D:8      | Noticed Grum
  5185 | D:8      | Killed Grum
  5224 | D:8      | Noticed a two-headed ogre
  5234 | D:8      | Mangled by a two-headed ogre

Illustrated notes

Levels and vault maps discovered:
D:1:      dpeg_arrival_rhombus, layout_basic, minmay_misc_feat_secret_circle,
          chequers_avenue
D:2:      layout_basic
D:3:      layout_rooms, portal_sewer_entry_d, minmay_door_square, uniq_robin,
          uniq_ijyb
D:4:      layout_loops_ring, minmay_misc_feat_tower
D:5:      layout_loops_ring, temple_green
D:6:      layout_cave_pools, overflow_temple_1_default
D:7:      layout_cave_pods, serial_co_window_serial, co_window_paths_b,
          co_window_corner_a, co_window_paths_b, co_window_paths_b,
          co_window_paths_b, co_window_corner_ca, co_window_broadway_a,
          co_window_paths_c, co_window_broadway_a, co_window_of_opportunity_b,
          co_window_sun, glass_columns_c, glass_columns_b, glass_columns_c,
          glass_columns_a
D:8:      layout_basic, led_xom_imps, minitemple, uniq_grum,
          uniq_prince_ribbit1, uniq_pikel
Temple:   hellmonk_temple_flake

Skill      XL: |  1  2  3  4  5  6  7  8  9 |
---------------+----------------------------+-----
Fighting       | 2 3 4 5 |  5.3
Long Blades    | 3 4 5 7 |  7.6
Armour         | 1 2 3 4 |  4.3
Dodging        | 3 4 5 |  5.2
Throwing       | |  1.7

Action                     |  1- 3 |  4- 6 |  7- 9 || total
---------------------------+-------+-------+-------++-------
  Melee: Long sword        |    80 |   178 |   327 ||   585
         Bite              |    11 |    46 |   111 ||   168
         Punch             |     1 |     3 |     3 ||     7
 Armour: Leather armour    |     6 |       |       ||     6
         Chain mail        |    52 |       |       ||    52
         Scale mail        |    19 |   198 |   320 ||   537
  Dodge: Dodged            |    45 |   140 |   268 ||   453

Table legend: (Time is in decaauts)
 A = Elapsed time spent in this place.
 B = Non-inter-level travel time spent in this place.
 C = Inter-level travel time spent in this place.
 D = Time resting spent in this place.
 E = Time spent auto-exploring this place.
 F = Levels seen in this place.
 G = Mean time per level.
                   A        B        C        D        E       F      G
               +--------+--------+--------+--------+--------+-----+--------+
         Total |   5329 |   5176 |    153 |     36 |   3748 |  10 |  532.9 |
       Dungeon |   5143 |   4990 |    153 |     36 |   3623 |   8 |  642.9 |
        Temple |     13 |     13 |      0 |      0 |      0 |   1 |   13.0 |
         Sewer |    171 |    171 |      0 |      0 |    125 |   1 |  171.0 |
               +--------+--------+--------+--------+--------+-----+--------+

Top non-repeatable levels by time:
     D:7: 1179 daAuts
     D:5: 797 daAuts
     D:1: 793 daAuts
     D:4: 710 daAuts
     D:6: 691 daAuts
     D:3: 643 daAuts
     D:2: 233 daAuts
   Sewer: 171 daAuts
     D:8: 95 daAuts
  Temple: 13 daAuts
